 Dungeon Crawl Stone Soup version 0.26.0-16-gc1dbca0489 (webtiles) character file.

Game seed: 2471980483233712729

0 EnegeticOcto the Vexing (level 1, -1/9 HPs)
             Began as a Vine Stalker Arcane Marksman on Jan 19, 2021.
             Slain by a goblin
             ... wielding a +0 dagger
              (2 damage)
             ... on level 1 of the Dungeon.
             The game lasted 00:00:05 (40 turns).

EnegeticOcto the Vexing (VSAM)                        Turns: 40, Time: 00:00:06

Health: -1/9       AC:  2    Str: 12    XL:     1   Next: 10%
Magic:  0/3        EV: 12    Int: 13    God:
Gold:   0          SH:  0    Dex: 14    Spells: 1/2 levels left

rFire    . . .     SeeInvis .   a - +0 hunting sling
rCold    . . .     Faith    .   (no shield)
rNeg     . . .     Spirit   +   e - +0 robe
rPois    .         Reflect  .   (no helmet)
rElec    .         Harm     .   (no cloak)
rCorr    .         Rampage  .   (no gloves)
Will     .....     Rnd*Tele +   (no boots)
Stlth    +.........             (no amulet)
HPRegen  0.03/turn              b - ring of teleportation (curse)
MPRegen  0.08/turn              (no ring)

@: no status effects
A: fangs 2, magic shield, antimagic bite, no potion heal 3
a: no special abilities


You were on level 1 of the Dungeon.
You visited 1 branch of the dungeon, and saw 1 of its levels.

Inventory:

Hand Weapons
 a - a +0 hunting sling (weapon)
Missiles
 d - 14 sling bullets (quivered ammo)
Armour
 e - a +0 robe (worn)
Jewellery
 b - a cursed ring of teleportation (left hand)
   (You found it on level 1 of the Dungeon)
Potions
 c - a potion of curing {unknown}


   Skills:
 + Level 0.8 Fighting
 + Level 1.7 Slings
 + Level 1.5 Dodging
 + Level 1.1 Spellcasting
 + Level 3.0 Hexes


You had one spell level left.
You knew the following spells:

 Your Spells              Type           Power        Failure   Level
a - Corona                Hex            8%           9%          1

Your spell library contained the following spells:

 Spells                   Type           Power        Failure   Level
 Slow                     Hex            8%           12%         2
 Inner Flame              Hex/Fire       4%           41%         3
 Portal Projectile        Hex/Tloc       8%           41%         3
 Cause Fear               Hex            4%           63%         4
 Leda's Liquefaction      Hex/Erth       2%           83%         4


Dungeon Overview and Level Annotations

Branches:
Dungeon (1/15)

Altars:


Innate Abilities, Weirdness & Mutations

You have extremely sharp teeth.
When hurt, damage is shared between your health and your magic reserves.
Your bite disrupts and absorbs the magic of your enemies.
Potions cannot restore your health.


Message History

Welcome, EnegeticOcto the Vine Stalker Arcane Marksman.
It is said that the Orb of Zot exists deep within this dungeon.
Press ? for a list of commands and other information.
Found a jade ring.
Found a staircase leading out of the dungeon.
b - a jade ring You feel slightly jumpy.
Oops, that ring feels deathly cold.
b - a cursed ring of teleportation (left hand) As you open the door, it creaks loudly!
There is an open door here.
You open the door.
There is an open door here.
c - a sedimented white potion A rat and a goblin come into view.
There are monsters nearby!
There are monsters nearby!
There are monsters nearby!
There are monsters nearby!
You shoot a sling bullet.
The sling bullet hits the goblin but does no damage.
The goblin shouts!
You hear a bark! x2
You shoot a sling bullet.
The sling bullet barely misses the goblin.
The sling bullet hits the rat!
You kill the rat!
You shoot a sling bullet. The sling bullet hits the goblin.
The goblin is moderately wounded.
You shoot a sling bullet.
The sling bullet closely misses the goblin.
You shoot a sling bullet.
The sling bullet closely misses the goblin.
A jackal comes into view.
The goblin hits you with a +0 dagger.
You shoot a sling bullet. The sling bullet misses the goblin.
The goblin hits you with a +0 dagger.
A jackal comes into view.
You are too injured to fight recklessly!
There are monsters nearby!
There are monsters nearby!
There are monsters nearby!
There are monsters nearby!
You are too injured to fight recklessly!
You are too injured to fight recklessly!
You are too injured to fight recklessly!
You are too injured to fight recklessly!
You are too injured to fight recklessly!
You are too injured to fight recklessly!
There are monsters nearby!
There are monsters nearby!
There are monsters nearby!
There are monsters nearby!
There are monsters nearby!
You are too injured to fight recklessly!
You are too injured to fight recklessly!
You are too injured to fight recklessly!
The jackal barks!
The goblin closely misses you. The goblin closely misses you.
The goblin hits you with a +0 dagger.
* * * LOW HITPOINT WARNING * * *
A jackal comes into view.
The goblin hits you but does no damage.
The jackal barks!
A jackal comes into view.
The goblin hits you with a +0 dagger.
* * * LOW HITPOINT WARNING * * *
The goblin barely misses you.
The jackal barks!
The goblin hits you but does no damage. The goblin hits you but does no damage.
The goblin barely misses you. The goblin hits you with a +0 dagger.
You die... ... .# # .. . .# (†#. .# .h. #. hh#

###+### .##h#
##.....##
#.#g#
#.......#
#.#@#
+...<...+
#...#
#.......#
#.###
##.....## ##.#
###'### #.##
#...# ##.#
#...# ####.##
####'####...##
.........####


You could see 4 jackals and a goblin.

Vanquished Creatures
  A rat (D:1)
1 creature vanquished.

Notes
Turn   | Place    | Note
-------+----------+-------------------------------------------
     0 | D:1      | EnegeticOcto the Vine Stalker Arcane Marksman began the
                  | quest for the Orb.
     0 | D:1      | Reached XP level 1. HP: 9/9 MP: 3/3
    40 | D:1      | Slain by a goblin

Illustrated notes

Levels and vault maps discovered:
D:1:      dpeg_arrival_another_circle, layout_basic, minmay_tripent

Action                   || total
-------------------------++-------
 Fire: Hunting sling     ||     6
Armor: Robe              ||     2
Dodge: Dodged            ||     4
